 Dungeon Crawl Stone Soup version 0.30.0-29-ga12c61a403 (webtiles) character file.

Game seed: 1441996058681783330

23 monsoonserge the Ruffian (level 2, -2/25 HPs)
             Began as a Naga Transmuter on June 6, 2023.
             Slain by a goblin
             ... wielding a +0 club
             ... led by Robin
              (4 damage)
             ... on level 2 of the Dungeon.
             The game lasted 00:02:29 (983 turns).

monsoonserge the Ruffian (Naga Transmuter)           Turns: 983, Time: 00:02:29

Health: -2/25      AC:  1    Str: 12    XL:     2   Next: 95%
Magic:  3/5        EV: 10    Int: 13    God:
Gold:   53         SH:  0    Dex: 11    Spells: 2/5 levels left

rFire   . .          .
                       - Unarmed
rCold   . . .        (no shield)
rNeg    . . .        a - +0 robe
rPois   +            (no helmet)
rElec   .            (no cloak)
rCorr   .            (no gloves)
SInv    +            (no barding)
Will    .....        (no amulet)
Stlth   +            (no ring)
HPRegen 0.24/turn    (no ring)
MPRegen 0.09/turn

%: no passive effects
@: wereblooded (expiring), hasted, quick
A: AC +0, large, see invisible, deformed body, poison resistance, slowness 2,
spit poison 1, naga tail 1
a: Spit Poison


You were on level 2 of the Dungeon.
You visited 1 branch of the dungeon, and saw 2 of its levels.

You collected 53 gold pieces.

Inventory:

Missiles
 c - 2 boomerangs (quivered)
Armour
 a - a +0 robe (worn)
Jewellery
 i - a ring of fire
Scrolls
 e - a scroll of silence {unknown}
 f - a scroll of identify {unknown}
 h - a scroll of enchant armour {unknown}
Potions
 b - a potion of lignification
 d - a potion of haste
 g - 2 potions of cancellation {unknown}


   Skills:
 + Level 1.0 Fighting
 + Level 1.8 Dodging
 * Level 3.7 Unarmed Combat
 - Level 2.0 Spellcasting
 + Level 2.2 Transmutations


You had 2 spell levels left.
You knew the following spells:

 Your Spells              Type           Power      Damage    Failure   Level
a - Beastly Appendage     Tmut           14%        N/A       11%         1
b - Wereblood             Tmut           7%         N/A       16%         2

Your spell library contained the following spells:

 Spells                   Type           Power      Damage    Failure   Level
 Spider Form              Tmut/Pois      4%         N/A       43%         3
 Ice Form                 Ice/Tmut       4%         N/A       85%         4


Dungeon Overview and Level Annotations

Branches:
Dungeon (2/15)

Altars:

Annotations:
D:2 Robin


Innate Abilities, Weirdness & Mutations

Your serpentine skin is tough. (AC +0)
You have supernaturally acute eyesight. (SInv)
Armour fits poorly on your strangely shaped body.
Your system is resistant to poisons. (rPois)
You cover ground very slowly.
You can spit poison.
You have a snake-like lower body.


Message History

The goblin closely misses you.
You barely miss the goblin. Your headbutt misses the goblin.
The goblin is moderately wounded.
You howl as the wereblood boils in your veins!
The goblin hits you with a +0 dagger.
You hit the goblin.
You feel a bit better.
You kill the goblin!
You barely miss the goblin. The goblin hits you with a +0 club.
You hit the goblin.
The goblin is severely wounded.
You howl as the wereblood boils in your veins!
You hear a shout!
You closely miss the goblin.
The goblin is severely wounded.
The goblin hits you with a +0 club.
You hit the goblin.
You feel a bit better.
You kill the goblin!
Your horns disappear.
You barely miss the goblin.
You hear a zap.
You hear a grinding noise.
The goblin closely misses you.
Robin and a goblin come into view.
Robin is wielding a +0 club and carrying a wand of digging (3).
You barely miss the goblin.
The goblin shouts!
You punch the goblin!
You feel a bit better.
You kill the goblin!
Robin roars a battlecry!
The goblins go into a battle-frenzy!
Your primal bloodlust is almost over.
Robin throws the goblin at you! The goblin hits you with a +0 club!
The goblin hits you with a +0 dagger. The goblin hits you with a +0 club.
The goblin hits you with a +0 dagger.
* * * LOW HITPOINT WARNING * * *
The goblin closely misses you. Robin throws the goblin at you!
* * * LOW HITPOINT WARNING * * *
The goblin barely misses you.
It was a potion of haste.
You feel yourself speed up. The goblin barely misses you.
The goblin hits you with a +0 club.
You die...

.... #### ...#
...### ######
......
.....#####..
......
............ ....
####........ ##Sg#
#.############g#.#
#..........^g@gg.#
############g#####
#.# #.# #.# ##


You could see Robin, an adder and 5 goblins.

Vanquished Creatures
  A dart slug (D:1)
  3 ball pythons
  2 giant cockroaches
  4 goblins
  3 hobgoblins
  2 kobolds (D:1)
  A frilled lizard (D:1)
  2 rats (D:1)
18 creatures vanquished.

Notes
Turn   | Place    | Note
-------+----------+-------------------------------------------
     0 | D:1      | monsoonserge the Naga Transmuter began the quest for the
                  | Orb.
     0 | D:1      | Reached XP level 1. HP: 18/18 MP: 3/3
   330 | D:1      | Reached XP level 2. HP: 25/25 MP: 5/5
   333 | D:1      | Learned a level 2 spell: Wereblood
   980 | D:2      | Noticed Robin
   983 | D:2      | Slain by a goblin

Illustrated notes

Levels and vault maps discovered:
D:1:      elethiomel_arrival_infinity_welcomes_careful_drivers, layout_basic,
          chequers_serial_rivers_small_a
D:2:      layout_loops_ring, patterned_corridor, uniq_robin

Action                     || total
---------------------------++-------
  Melee: Unarmed           ||    49
         Headbutt          ||     1
   Cast: Beastly Appendage ||     5
         Wereblood         ||     1
Ability: Spit Poison       ||     6
    Use: Potion            ||     1
 Armour: Robe              ||     5
  Dodge: Dodged            ||    25
